 Dungeon Crawl Stone Soup version 0.26.1-11-gd32895ea62 (webtiles) character file.

Game seed: 16344780874418512114

8971 nothank2 the Protected (level 11, 0/74 HPs)
             Began as a Demonspawn Gladiator on June 16, 2021.
             Was a High Priest of Hepliaklqana.
             Slain by a wraith (8 damage)
             ... led by Josephine
             ... on level 10 of the Dungeon.
             The game lasted 00:26:09 (11016 turns).

nothank2 the Protected (Demonspawn Gladiator)      Turns: 11016, Time: 00:26:10

Health: 0/74       AC: 17    Str: 18    XL:     11   Next: 16%
Magic:  15/15      EV:  9    Int:  9    God:    Hepliaklqana [*****.]
Gold:   357        SH:  0    Dex: 15    Spells: 10/10 levels left

rFire    + + .     SeeInvis +   x - +5 dagger of Dawn {elec, rC+ Dex+3}
rCold    . . .     Faith    +   a - +0 kite shield (curse)
rNeg     + + +     Spirit   .   p - +3 scale mail {rF+}
rPois    .         Reflect  .   E - +1 helmet
rElec    .         Harm     .   (no cloak)
rCorr    .         Rampage  .   (no gloves)
Will     .....                  (no boots)
Stlth    ..........             B - amulet of faith
HPRegen  0.22/turn              (no ring)
MPRegen  0.14/turn              z - ring "Venneg" {Fire rN+++ Will- Dex-3 SInv}

@: confused, slowed, very slow
A: reduced essence, hooves 2, iridescent scales 2
a: Renounce Religion, Recall Ancestor, Ancestor Identity, Transference, Idealise


You were on level 10 of the Dungeon.
You worshipped Hepliaklqana.
Hepliaklqana was extremely pleased with you.
You visited 1 branch of the dungeon, and saw 11 of its levels.

You collected 559 gold pieces.
You spent 202 gold pieces at shops.

Inventory:

Hand Weapons
 t - a +4 spear
 x - the +5 dagger of Dawn (weapon) {elec, rC+ Dex+3}
   (You found it on level 5 of the Dungeon)

   Occasionally, upon striking a foe, it can discharge electrical energy and
   cause terrible harm.
   It affects your dexterity (+3).
   It protects you from cold.
 K - a +4 whip of venom
Missiles
 d - 5 throwing nets (quivered)
Armour
 a - a cursed +0 kite shield (worn)
 p - a +3 scale mail of fire resistance (worn)
 E - a +1 helmet (worn)
Jewellery
 m - an uncursed ring of ice
 z - the ring "Venneg" (right hand) {Fire rN+++ Will- Dex-3 SInv}
   (You found it on level 5 of the Dungeon)

   [ring of fire]

   It enhances your fire magic.
   It affects your dexterity (-3).
   It protects you from fire.
   It makes you vulnerable to cold.
   It renders you almost immune to negative energy.
   It affects your willpower, your defense against some magical effects.
   It lets you see invisible.
 A - an uncursed amulet of guardian spirit
 B - an amulet of faith (around neck)
 D - an uncursed ring of ice
 M - an uncursed ring of flight {unknown}
Wands
 s - a wand of polymorph (27)
 w - a wand of iceblast (9)
 C - a wand of paralysis (18)
 F - a wand of random effects (15)
 G - a wand of digging (8)
 Q - a wand of acid (3)
Scrolls
 c - 2 scrolls of fog {unknown}
 h - 8 scrolls of identify
 i - a scroll of enchant weapon
 j - a scroll of remove curse
 k - 7 scrolls of teleportation
 y - a scroll of blinking {unknown}
 H - a scroll of amnesia {unknown}
 J - a scroll of vulnerability {unknown}
 L - a scroll of holy word {unknown}
 N - a scroll of magic mapping {unknown}
 O - 2 scrolls of enchant armour
Potions
 b - a potion of magic {unknown}
 e - 2 potions of lignification {unknown}
 f - a potion of degeneration {unknown}
 g - 2 potions of might {unknown}
 l - a potion of ambrosia
 n - 2 potions of mutation
 o - 4 potions of curing
 q - 4 potions of brilliance
 r - a potion of resistance
 u - 4 potions of flight
 v - a potion of attraction
 P - a potion of haste {unknown}


   Skills:
 + Level 6.7 Fighting
 * Level 9.2 Short Blades
 - Level 0.8(2.5) Axes
 - Level 3.9(4.0) Polearms
 - Level 1.7 Throwing
 * Level 9.4 Armour
 - Level 2.6 Dodging
 * Level 4.6 Shields
 * Level 5.4 Invocations


You had 10 spell levels left.
You didn't know any spells.
Your spell library contained the following spells:

 Spells                   Type           Power        Failure   Level
 Corona                   Hex            0%           99%         1
 Summon Small Mammal      Summ           0%           99%         1
 Call Imp                 Summ           0%           99%         2
 Ensorcelled Hibernation  Hex/Ice        0%           99%         2
 Call Canine Familiar     Summ           0%           100%        3
 Confusing Touch          Hex            0%           100%        3
 Dazzling Flash           Conj/Hex       0%           100%        3
 Summon Guardian Golem    Hex/Summ       0%           100%        3
 Tukima's Dance           Hex            0%           100%        3
 Summon Ice Beast         Ice/Summ       0%           100%        4
 Summon Lightning Spire   Summ/Air       0%           100%        4


Dungeon Overview and Level Annotations

Branches:
Dungeon (11/15)            Temple (0/1) D:4            Lair (0/6) D:10
    Orc: D:9-12

Altars:
Ashenzari
Cheibriados
Hepliaklqana
Kikubaaqudgha
Makhleb
Okawaru
Sif Muna
Trog
Uskayaw
Wu Jian
Xom
Yredelemnul

Shops:
D:4 [   D:5 (   D:6 **}[?   D:7 :   D:9 ?


Innate Abilities, Weirdness & Mutations

You have hoof-like feet.
You are mostly covered in iridescent scales. (AC +4)
Your life essence is reduced to manifest your ancestor. (-10% HP)


Message History

Your shield prevents you from hitting the wraith.
You kick the wraith, but do no damage. The wraith hits you but does no damage.
You hit the wraith but do no damage. Your kick misses the wraith.
The wraith hits you but does no damage.
You hit the wraith but do no damage. The wraith barely misses you.
You hit the wraith but do no damage. Your kick misses the wraith.
The wraith hits you.
* * * LOW HITPOINT WARNING * * *
The wraith drains your vigour!
You feel as though you will be slow longer.
You hit the wraith. Lightning courses through the wraith!
Your kick misses the wraith.
The wraith is heavily damaged.
The wraith hits you.
* * * LOW HITPOINT WARNING * * *
The wraith drains your vigour!
You feel as though you will be slow longer.
You are confused.
You feel invigorated. The wraith hits you!
You die...

### ##@##########
##..W........#######
#..........#........
#.#.######...>......
#.#.# ##########.
##############.#.####
#.
....(...............#
#.
##############.####.#
#. # #.......##.# #.


You could see a wraith.

Vanquished Creatures
  Josephine (D:11)
  Harold (D:8)
  The ghost of oc3rt the Sneak, a novice KoHu (D:5)
  Joseph (D:8)
  2 trolls (D:9)
  A hornet (D:10)
  3 wyverns
  4 wraiths
  4 yaks (D:9)
  A soldier ant (D:10)
  Duvessa (D:7)
  3 sky beasts
  4 ice beasts
  2 phantoms
  An orc warrior (D:7)
  A necrophage (D:6)
  4 centaurs
  6 ogres
  A big kobold (D:9)
  6 bullfrogs
  Dowan (D:7)
  5 scorpions
  3 killer bees (D:9)
  4 howler monkeys
  A bullfrog zombie (D:3)
  A quasit (D:9)
  2 centaur zombies
  3 hounds
  A jelly (D:8)
  A centaur skeleton (D:6)
  3 orc priests
  4 orc wizards
  4 iguanas
  3 worker ants
  A centaur simulacrum (D:5)
  A hound skeleton (D:9)
  A howler monkey zombie (D:4)
  3 gnolls (D:6)
  7 adders
  A hound simulacrum (D:5)
  4 shadow imps
  3 white imps
  An ufetubus (D:9)
  2 oozes (D:1)
  An adder zombie (D:6)
  3 worms
  An adder simulacrum (D:5)
  7 leopard geckos
  35 orcs
  5 giant cockroaches
  3 hobgoblins
  10 jackals
  2 quokkas
  7 bats
  4 frilled lizards
  7 goblins
  A jackal skeleton (D:8)
  5 kobolds
  8 rats
207 creatures vanquished.

Vanquished Creatures (collateral kills)
  A water moccasin (D:6)
  A phantom (D:8)
  A sky beast (D:6)
  A bullfrog (D:6)
  A bullfrog zombie (D:5)
  An orc priest (D:4)
  2 worker ants
  2 orc wizards
  3 adders
  A shadow imp (D:9)
  A white imp (D:5)
  A giant cockroach (D:3)
  A goblin (D:9)
  3 jackals
  A kobold (D:2)
  A frilled lizard (D:5)
  A giant cockroach simulacrum (D:5)
  A leopard gecko skeleton (D:7)
24 creatures vanquished.

Vanquished Creatures (others)
  2 hexers
  2 ancestors
4 creatures vanquished.

Grand Total: 235 creatures vanquished

Notes
Turn   | Place    | Note
-------+----------+-------------------------------------------
     0 | D:1      | nothank2 the Demonspawn Gladiator began the quest for the
                  | Orb.
     0 | D:1      | Reached XP level 1. HP: 16/16 MP: 1/1
   470 | D:1      | Gained mutation: You have large cloven feet. [demonic
                  | ancestry]
   470 | D:1      | Reached XP level 2. HP: 12/22 MP: 2/2
   616 | D:1      | Reached skill level 1 in Armour
   856 | D:1      | Gained mutation: You are partially covered in iridescent
                  | scales. (AC +2) [demonic ancestry]
   856 | D:1      | Reached XP level 3. HP: 27/27 MP: 3/3
  1685 | D:2      | Found a hazy altar of Hepliaklqana.
  1693 | D:2      | Became a worshipper of Hepliaklqana the Forgotten
  2078 | D:2      | Reached XP level 4. HP: 30/30 MP: 4/4
  2289 | D:2      | Found an iron altar of Okawaru.
  2664 | D:3      | Reached XP level 5. HP: 28/34 MP: 5/5
  2806 | D:3      | Reached * piety under Hepliaklqana
  3131 | D:3      | Found a burning altar of Makhleb.
  3131 | D:3      | Found a broken altar of Ashenzari.
  3378 | D:4      | Found Dogg's Armour Boutique.
  3817 | D:4      | Reached XP level 6. HP: 30/41 MP: 6/6
  4027 | D:4      | Reached skill level 1 in Polearms
  4215 | D:4      | Found a staircase to the Ecumenical Temple.
  4383 | D:4      | Found a hide-covered altar of Uskayaw.
  4417 | D:5      | Entered Level 5 of the Dungeon
  4420 | D:5      | Found a runed translucent gate.
  4556 | D:5      | Reached XP level 7. HP: 36/46 MP: 7/7
  4654 | D:5      | Found a runed translucent gate.
  4765 | D:5      | Reached ** piety under Hepliaklqana
  4766 | D:5      | Remembered your ancestor Nolwazi as a hexer
  4801 | D:5      | Reached skill level 5 in Armour
  4830 | D:5      | Found Verecs's Antique Weapon Shop.
  5135 | D:5      | Got a jewelled dagger
  5136 | D:5      | Identified the +5 dagger of Dawn {elec, rC+ Dex+3} (You
                  | found it on level 5 of the Dungeon)
  5248 | D:5      | Found a runed translucent gate.
  5293 | D:5      | Reached XP level 8. HP: 34/54 MP: 8/8
  5496 | D:5      | Noticed oc3rt's ghost (novice KoHu)
  5628 | D:5      | Killed oc3rt's ghost
  5629 | D:5      | Reached skill level 5 in Short Blades
  5640 | D:5      | Got the ring "Venneg" {Fire}
  5649 | D:5      | Identified the ring "Venneg" {Fire rN+++ Will- Dex-3 SInv}
                  | (You found it on level 5 of the Dungeon)
  5812 | D:6      | Reached skill level 5 in Fighting
  6080 | D:6      | Found Vaiteur's Assorted Antiques.
  6081 | D:6      | Found Ditos's Armour Shop.
  6211 | D:6      | Found Cedigiwn's Gadget Shop.
  6212 | D:6      | Found Raon's Magic Scroll Shop.
  6292 | D:6      | Gained mutation: You are mostly covered in iridescent
                  | scales. (AC +4) [demonic ancestry]
  6292 | D:6      | Reached XP level 9. HP: 61/61 MP: 9/9
  6467 | D:6      | Found Xeuveugg's Assorted Antiques.
  6494 | D:6      | Bought a runed kite shield for 202 gold pieces
  6960 | D:7      | Found an ancient bone altar of Kikubaaqudgha.
  7059 | D:7      | Noticed Duvessa
  7061 | D:7      | Noticed Dowan
  7070 | D:7      | Killed Duvessa
  7075 | D:7      | Killed Dowan
  7076 | D:7      | Reached skill level 1 in Invocations
  7101 | D:7      | Reached *** piety under Hepliaklqana
  7270 | D:7      | Found a snail-covered altar of Cheibriados.
  7475 | D:7      | Found Uwap's Book Shop.
  7749 | D:8      | Noticed Joseph
  7763 | D:8      | Killed Joseph
  7764 | D:8      | Reached skill level 1 in Shields
  8099 | D:8      | Reached **** piety under Hepliaklqana
  8116 | D:8      | Gained mutation: You have hoof-like feet. [demonic
                  | ancestry]
  8116 | D:8      | Reached XP level 10. HP: 68/68 MP: 12/12
  8149 | D:8      | Noticed Harold
  8164 | D:8      | Killed Harold
  8312 | D:8      | Found a shimmering blue altar of Sif Muna.
  8431 | D:8      | Found an ornate altar of the Wu Jian Council.
  8851 | D:9      | Found Bidab's Magic Scroll Shop.
  9184 | D:9      | Found a basalt altar of Yredelemnul.
  9607 | D:9      | Found a shimmering altar of Xom.
  9747 | D:9      | Noticed a moth of wrath
  9750 | D:9      | Found a bloodstained altar of Trog.
  9834 | D:9      | Reached ***** piety under Hepliaklqana
 10219 | D:10     | Entered Level 10 of the Dungeon
 10236 | D:10     | Found a staircase to the Lair.
 10304 | D:10     | Reached skill level 5 in Invocations
 10422 | D:10     | Found an ancient bone altar of Kikubaaqudgha.
 10481 | D:10     | Reached XP level 11. HP: 64/74 MP: 14/14
 10968 | D:11     | Noticed Josephine
 10986 | D:11     | Killed Josephine
 11005 | D:10     | HP: 1/74 [wraith[Josephine] (7)]
 11015 | D:10     | HP: 2/74 [wraith[Josephine] (4)]
 11016 | D:10     | Slain by a wraith

Illustrated notes

Levels and vault maps discovered:
D:1:      dpeg_arrival_subterranean_lakeside_camping, layout_basic
D:2:      layout_basic, nicolae_overflow_crystal_walls, lemuel_round_altar,
          amcnicky_mini_rare_corridor_liquid, minmay_pentomino_s2
D:3:      layout_basic, gammafunk_temple_overflow_wave
D:4:      layout_basic, lemuel_coloured_pillars_altar, temple_statues,
          serial_shops, kennysheep_mini_moat
D:5:      layout_cave_pools, nicolae_overflow_hidden_temple, serial_shops,
          nicolae_shop_behind_doors, gammafunk_ghost_icy, st_stairs_1,
          kennysheep_generic_room_16
D:6:      layout_rooms, serial_shops, shop, minmay_shop_grid_forest
D:7:      layout_basic, marbit_many_paths, kiku_gazebo_garden_becter,
          serial_shops, shop_statue, uniq_duvessa
D:8:      layout_layer_cave, overflow_temple_1_default,
          pdpol_wu_jian_five_deadly_venoms, uniq_harold, uniq_joseph
D:9:      layout_small_grid, yredelemnul_altar_generic, tgw_trog,
          general_overflow_altar, enter_bailey_3, serial_shops, shop,
          grunt_ogre_cave, hangedman_decor_peaks_small,
          minmay_mirror_moons_of_madness
D:10:     layout_loops_ring, basic_altar
D:11:     layout_gridville, orc_0_dummy, uniq_josephine

Skill      XL: |  1  2  3  4  5  6  7  8  9 10 |
---------------+-------------------------------+-----
Short Blades   | 3 4 5 7 9 |  9.2
Armour         | 1 2 3 4 5 7 8 9 |  9.4
Polearms       | 2 3 |  3.9
Fighting       | 3 5 6 |  6.7
Invocations    | 2 5 |  5.4
Shields        | 1 4 |  4.6
Axes           | |  0.8
Throwing       | |  1.7
Dodging        | |  2.6

Action                   |  1- 3 |  4- 6 |  7- 9 | 10-12 || total
-------------------------+-------+-------+-------+-------++-------
Melee: Rapier            |    34 |       |       |       ||    34
       Dagger            |   114 |     9 |   235 |   279 ||   637
       Kick              |    22 |    49 |    77 |    94 ||   242
       Hand axe          |       |    29 |       |       ||    29
       Spear             |       |   128 |    42 |       ||   170
Invok: Ancestor Identity |     1 |       |       |       ||     1
       Ancestor Life: He |       |       |     1 |       ||     1
  Use: Scroll            |       |       |    12 |       ||    12
       Potion            |       |       |     1 |     2 ||     3
 Stab: Distracted        |       |       |     3 |       ||     3
       Confused          |       |       |     2 |     1 ||     3
Armor: Leather armour    |    10 |       |       |       ||    10
       Ring mail         |    46 |    46 |    12 |       ||   104
       Plate armour      |       |       |   102 |       ||   102
       Scale mail        |       |       |     9 |   121 ||   130
Dodge: Dodged            |    66 |    91 |    68 |    90 ||   315
Block: Kite shield       |       |       |    24 |   123 ||   147
